 Dungeon Crawl Stone Soup version 0.26-a0-658-gbdda728c12 (webtiles) character file.

Game seed: 2295913952596043385

4064 luopjiggy the Cleaver (level 10, -10/84 HPs)
             Began as a Hill Orc Fighter on Oct 4, 2020.
             Was an Initiate of Okawaru.
             Mangled by a two-headed ogre
             ... wielding a +0 giant club
              (14 damage)
             ... on level 8 of the Dungeon.
             The game lasted 00:13:29 (6922 turns).

luopjiggy the Cleaver (Hill Orc Fighter)            Turns: 6922, Time: 00:13:30

Health: -10/84     AC: 15    Str: 20    XL:     10   Next: 25%
Magic:  10/10      EV:  6    Int:  8    God:    Okawaru [......]
Gold:   338        SH: 10    Dex: 13    Spells: 9/9 levels left

rFire    . . .     SeeInvis .   a - +0 war axe
rCold    . . .     Faith    .   c - +0 kite shield
rNeg     + . .     Spirit   .   f - +0 chain mail
rPois    .         Reflect  .   m - +0 helmet
rElec    .         Harm     .   p - +2 cloak
rCorr    .         Rampage  .   (no gloves)
MR       .....                  e - +0 pair of boots
Stlth    ..........             (no amulet)
HPRegen  0.24/turn              o - ring of positive energy
MPRegen  0.12/turn              (no ring)

@: no status effects
A: no striking features
a: Renounce Religion


You were on level 8 of the Dungeon.
You worshipped Okawaru.
Okawaru was noncommittal.
You visited 2 branches of the dungeon, and saw 9 of its levels.

You collected 338 gold pieces.

Inventory:

Hand Weapons
 a - a +0 war axe (weapon)
Armour
 c - a +0 kite shield (worn)
 e - a +0 pair of boots (worn)
 f - a +0 chain mail (worn)
 m - a +0 helmet (worn)
 p - a +2 cloak (worn)
Jewellery
 o - a ring of positive energy (left hand)
 A - an uncursed amulet of reflection
Wands
 j - a wand of random effects (24)
 q - a wand of digging (4)
 s - a wand of disintegration (13)
 y - a wand of polymorph (8)
 C - a wand of iceblast (7)
 F - a wand of paralysis (6)
Scrolls
 b - a scroll of enchant armour {unknown}
 g - a scroll of magic mapping
 i - a scroll of fear
 n - 8 scrolls of teleportation
 r - 2 scrolls of remove curse
 u - a scroll of enchant weapon {unknown}
 v - 2 scrolls of amnesia {unknown}
 E - a scroll of brand weapon {unknown}
 G - a scroll of noise {unknown}
Potions
 d - a potion of might
 h - a potion of resistance
 k - 2 potions of lignification
 l - 2 potions of invisibility
 w - a potion of magic {unknown}
 x - a potion of flight {unknown}
 z - 2 potions of curing {unknown}
 B - a potion of stabbing {unknown}
 D - a potion of ambrosia {unknown}


   Skills:
 * Level 6.9 Fighting
 * Level 14.8 Axes
 * Level 5.8 Armour
 * Level 6.4 Shields


You had 9 spell levels left.
You didn't know any spells.
Your spell library contained the following spells:

 Spells                   Type           Power        Failure   Level
 Magic Dart               Conj           #...         100%        1
 Blink                    Tloc           N/A          100%        2
 Call Imp                 Summ           #.......     100%        2
 Slow                     Hex            #.......     100%        2
 Conjure Flame            Conj/Fire      #.......     100%        3
 Mephitic Cloud           Conj/Pois/Air  #.......     100%        3


Dungeon Overview and Level Annotations

Branches:
Dungeon (8/15)             Temple (1/1) D:7
   Lair: D:8-11

Altars:
Ashenzari
Cheibriados
Dithmenos
Elyvilon
Fedhas
Gozag
Hepliaklqana
Kikubaaqudgha
Makhleb
Nemelex Xobeh
Okawaru
Qazlal
Ru
Sif Muna
Trog
Uskayaw
Vehumet
Wu Jian
Xom
Yredelemnul
Zin
The Shining One


Message History

You are too injured to fight recklessly!
You feel much better.
The centaur shoots an arrow.
The arrow hits you but does no damage.
The two-headed ogre hits you with a +0 giant club. x2
Your shield and chain mail prevent you from hitting the two-headed ogre.
The two-headed ogre is severely wounded.
The centaur shoots an arrow.
The arrow hits you.
You hit the two-headed ogre but do no damage.
The two-headed ogre is severely wounded.
The centaur shoots an arrow.
The arrow barely misses you.
The two-headed ogre hits you with a +0 giant club!!
* * * LOW HITPOINT WARNING * * *
The two-headed ogre hits you but does no damage.
You hit the two-headed ogre.
The two-headed ogre is severely wounded.
The centaur shoots an arrow.
You block the arrow.
The two-headed ogre hits you with a +0 giant club.
* * * LOW HITPOINT WARNING * * *
The two-headed ogre hits you with a +0 giant club!
You die...

#......#
#......# #.
#....<.# ..
###.#.#####.#
...#..#....#
#.####...#
... #..## ...
#..# >. #@.#
.../..O..#
...........
#####.####.#
#. ... .. ...
.. .... ###
..c


You could see a two-headed ogre and a centaur.

Vanquished Creatures
  Grinder (D:3)
  6 yaks (D:7)
  2 ice beasts
  A sky beast (D:6)
  2 hornet zombies (D:7)
  An ogre (D:4)
  6 centaurs
  A big kobold (D:7)
  6 bullfrogs
  A wyvern skeleton (D:8)
  7 wights
  2 bullfrog zombies
  2 centaur zombies
  A hound (D:6)
  A gnoll shaman (D:4)
  5 orc priests
  9 orc wizards
  A bullfrog skeleton (D:4)
  2 centaur skeletons (D:4)
  Jessica (D:2)
  A worker ant (D:6)
  Natasha (thrice) (D:2)
  A hound zombie (D:6)
  A hound skeleton (D:6)
  Robin (D:2)
  9 gnolls
  7 adders
  A shadow imp (D:7)
  A white imp (D:3)
  An ufetubus (D:7)
  4 worms
  2 dart slugs (D:1)
  3 leopard geckos
  19 orcs
  A ball python (D:6)
  13 giant cockroaches
  16 goblins
  7 hobgoblins
  9 jackals
  3 quokkas
  7 bats
  7 frilled lizards
  13 kobolds
  2 quokka skeletons (D:5)
  10 rats
200 creatures vanquished.

Vanquished Creatures (others)
  An orc wizard (D:6)
  A plant (D:4)
  A withered plant (D:5)
3 creatures vanquished.

Grand Total: 203 creatures vanquished

Notes
Turn   | Place    | Note
-------+----------+-------------------------------------------
     0 | D:1      | luopjiggy the Hill Orc Fighter began the quest for the Orb.
     0 | D:1      | Reached XP level 1. HP: 19/19 MP: 1/1
    61 | D:1      | Reached skill level 3 in Axes
   159 | D:1      | Reached XP level 2. HP: 26/26 MP: 2/2
   199 | D:1      | Reached skill level 4 in Axes
   455 | D:1      | Reached XP level 3. HP: 31/31 MP: 3/3
   635 | D:2      | Noticed Jessica
   642 | D:2      | Killed Jessica
   642 | D:2      | Reached skill level 5 in Axes
   660 | D:2      | Identified the -5 helmet of Faovaf {*Contam Int+2 Dex+5}
   660 | D:2      | Noticed Robin
   665 | D:2      | Reached XP level 4. HP: 39/39 MP: 4/4
   676 | D:2      | Killed Robin
   676 | D:2      | Reached skill level 6 in Axes
   722 | D:2      | Found an ornate altar of the Wu Jian Council.
   769 | D:2      | Noticed Natasha
   789 | D:2      | Killed Natasha
   789 | D:2      | Reached XP level 5. HP: 20/45 MP: 5/5
   802 | D:2      | Noticed Natasha
   813 | D:2      | Killed Natasha
   813 | D:2      | Reached skill level 7 in Axes
   858 | D:2      | Noticed Natasha
   865 | D:2      | Killed Natasha
  1073 | D:2      | Found a glowing golden altar of the Shining One.
  1527 | D:3      | Reached skill level 8 in Axes
  1559 | D:3      | Reached XP level 6. HP: 51/51 MP: 6/6
  2156 | D:3      | Noticed Grinder
  2172 | D:3      | Killed Grinder
  2172 | D:3      | Reached skill level 9 in Axes
  2172 | D:3      | Reached XP level 7. HP: 43/57 MP: 7/7
  2330 | D:3      | Found a bloodstained altar of Trog.
  2541 | D:4      | Reached skill level 10 in Axes
  2718 | D:4      | Found a blossoming altar of Fedhas.
  2974 | D:4      | Reached skill level 11 in Axes
  3330 | D:5      | Entered Level 5 of the Dungeon
  3338 | D:5      | Reached XP level 8. HP: 54/66 MP: 8/8
  3469 | D:5      | Found an ancient bone altar of Kikubaaqudgha.
  3716 | D:5      | Found a shimmering altar of Xom.
  3716 | D:5      | Found a shimmering blue altar of Sif Muna.
  3717 | D:5      | Found a sacrificial altar of Ru.
  3741 | D:5      | Found a stormy altar of Qazlal.
  3743 | D:5      | Noticed an air elemental
  3744 | D:5      | Noticed a water elemental
  3809 | D:5      | Reached skill level 12 in Axes
  4833 | D:6      | Reached XP level 9. HP: 28/72 MP: 9/9
  4849 | D:6      | Reached skill level 13 in Axes
  5381 | D:6      | Reached skill level 5 in Fighting
  5567 | D:7      | Reached skill level 5 in Shields
  5577 | D:7      | Found a snail-covered altar of Cheibriados.
  5625 | D:7      | Reached skill level 5 in Armour
  5639 | D:7      | Reached skill level 14 in Axes
  5897 | D:7      | Reached XP level 10. HP: 83/84 MP: 10/10
  6198 | D:7      | Found a white marble altar of Elyvilon.
  6332 | D:7      | Found a staircase to the Ecumenical Temple.
  6344 | D:7      | Found an iron altar of Okawaru.
  6352 | D:7      | Found a shadowy altar of Dithmenos.
  6445 | Temple   | Entered the Ecumenical Temple
  6492 | Temple   | Became a worshipper of Warmaster Okawaru
  6785 | D:7      | Found a basalt altar of Yredelemnul.
  6901 | D:8      | Noticed a two-headed ogre
  6922 | D:8      | HP: 4/84 [two-headed ogre/+0 giant club (5)]
  6922 | D:8      | Mangled by a two-headed ogre

Illustrated notes

Levels and vault maps discovered:
D:1:      ebering_hopf_link, layout_rooms, minmay_distorted
D:2:      layout_rooms, lemuel_round_altar, lemuel_doored_altar, st_stairs_2,
          uniq_jessica, uniq_robin, uniq_natasha
D:3:      layout_loops_ring, marbit_many_paths, uniq_grinder
D:4:      layout_loops_cross, st_stairs_8, fedhas_altar_1
D:5:      layout_loops_ring, kiku_gazebo_garden_becter,
          chequers_temple_overflow_statue_of_worship,
          nicolae_qazlal_style_of_elements, kennysheep_generic_room_5
D:6:      layout_rooms
D:7:      layout_cave_pools, kennysheep_ying_yang, cheibriados_altar_1,
          grunt_dithmenos_smoke, minmay_temple_entry_stoned_glass,
          lemuel_altar_in_water
D:8:      layout_rooms, kennysheep_minor_cross, minivault_24
Temple:   kb_temple_of_zot

Skill      XL: |  1  2  3  4  5  6  7  8  9 |
---------------+----------------------------+-----
Axes           | 3 4 5 6 8 9 11 12 14 | 14.8
Fighting       | 4 6 |  6.9
Shields        | 4 6 |  6.4
Armour         | 4 5 |  5.8

Action                   |  1- 3 |  4- 6 |  7- 9 | 10-12 || total
-------------------------+-------+-------+-------+-------++-------
Melee: War axe           |    74 |   205 |   297 |   115 ||   691
  Use: Scroll            |       |     5 |     6 |       ||    11
       Potion            |       |       |     3 |     1 ||     4
Armor: Chain mail        |    41 |   124 |   184 |    54 ||   403
       Scale mail        |     1 |       |       |       ||     1
Dodge: Dodged            |     9 |    40 |    62 |    24 ||   135
Block: Kite shield       |    33 |   108 |   143 |    47 ||   331

Table legend: (Time is in decaauts)
 A = Elapsed time spent in this place.
 B = Non-inter-level travel time spent in this place.
 C = Inter-level travel time spent in this place.
 D = Time resting spent in this place.
 E = Time spent auto-exploring this place.
 F = Levels seen in this place.
 G = Mean time per level.
                   A        B        C        D        E       F      G
               +--------+--------+--------+--------+--------+-----+--------+
         Total |   6978 |   6667 |    311 |   1701 |   3614 |   9 |  775.3 |
       Dungeon |   6884 |   6576 |    308 |   1701 |   3534 |   8 |  860.5 |
        Temple |     93 |     90 |      3 |      0 |     80 |   1 |   93.0 |
               +--------+--------+--------+--------+--------+-----+--------+

Top non-repeatable levels by time:
     D:6: 1359 daAuts
     D:7: 1069 daAuts
     D:4: 971 daAuts
     D:5: 942 daAuts
     D:3: 905 daAuts
     D:2: 901 daAuts
     D:1: 660 daAuts
  Temple: 93 daAuts
     D:8: 75 daAuts
